 Dungeon Crawl Stone Soup version 0.32-a0-132-g2d33c3cfaf (webtiles) character file.

Game seed: 8368765153069137976

42 ragingrage the Sneak (level 3, -2/22 HPs)
             Began as a Deep Elf Delver on Feb 9, 2024.
             Slain by an adder (4 damage)
             ... on level 4 of the Dungeon.
             The game lasted 00:01:19 (125 turns).

ragingrage the Sneak (Deep Elf Delver)               Turns: 125, Time: 00:01:20

Health: -2/22      AC:  3    Str:  9    XL:     3   Next: 35%
Magic:  5/5        EV: 12    Int: 14    God:
Gold:   7          SH:  0    Dex: 18    Spells: 2/2 levels left

rFire   . . .        a - +0 short sword
rCold   . . .        (no shield)
rNeg    . . .        b - +0 leather armour
rPois   .            (no helmet)
rElec   .            (no cloak)
rCorr   .            (no gloves)
SInv    .            (no boots)
Will    .....        (no amulet)
Stlth   +++          (no ring)
HPRegen 0.23/turn    (no ring)
MPRegen 0.09/turn

%: no passive effects
@: lethally poisoned (-2 -> -14), hasted, very quick
A: no striking features
a: no special abilities


You were on level 4 of the Dungeon.
You visited 1 branch of the dungeon, and saw 3 of its levels.

You collected 7 gold pieces.

Inventory:

Hand Weapons
 a - a +0 short sword (weapon)
Armour
 b - a +0 leather armour (worn)
Wands
 g - a wand of digging (3)
Scrolls
 c - a scroll of fog
 d - a scroll of revelation
 e - a scroll of fear
Potions
 h - a potion of attraction {unknown}


   Skills:
 - Level 2.4 Fighting
 + Level 3.8 Short Blades
 - Level 2.4 Dodging
 - Level 6.0 Stealth


You had 2 spell levels left.
You didn't know any spells.
Your spell library was empty.

Dungeon Overview and Level Annotations

Branches:
Dungeon (6/15)
 Temple: D:4-7

Altars:

Shops:
D:5 [


Message History

A sky beast comes into view.
There is a stone staircase leading up here.
You climb upwards.
There is a stone staircase leading down here.
An adder comes into view.
An adder is nearby!
An adder is nearby!
The helpless adder fails to defend itself.
You impale the adder!!
You kill the adder!
h - a cyan potion A jackal comes into view.
An iguana comes into view.
The jackal barks!
You hear an angry hiss.
You hear a croak.
Unknown command.
A jackal comes into view.
There is an open door here.
A jackal comes into view.
The jackal closely misses you.
The jackal bites you but does no damage.
There is a stone staircase leading up here.
The jackal bites you.
You climb upwards.
The adder bites you.
You are poisoned.
The adder poisons you! The adder bites you.
You are more poisoned.
The adder poisons you!
There is a stone staircase leading down here.
You miss the adder.
You feel very sick. The jackal bites you. The adder bites you.
You are more poisoned.
The adder poisons you!
You feel yourself speed up.
* * * LOW HITPOINT WARNING * * *
You feel very sick. The jackal bites you.
* * * LOW HITPOINT WARNING * * *
The adder bites you.
You die...

# ########..
#.:.......
#.........
#.........
###.@.....$.
#...Sh......
#............
#............
##...........
#...........
##..........
#..........
#.........


You could see an adder and a jackal.

Vanquished Creatures
  A bombardier beetle (D:4)
  An adder (D:5)
2 creatures vanquished.

Notes
Turn   | Place    | Note
-------+----------+-------------------------------------------
     0 | D:5      | ragingrage the Deep Elf Delver began the quest for the Orb.
     0 | D:5      | Reached XP level 1. HP: 13/13 MP: 3/3
     9 | D:5      | Found Micituim's Armour Boutique.
    21 | D:4      | Noticed a bombardier beetle
    23 | D:4      | Killed a bombardier beetle
    24 | D:4      | Reached XP level 2. HP: 18/18 MP: 4/4
    24 | D:4      | Reached XP level 3. HP: 22/22 MP: 5/5
    68 | D:6      | Noticed a sky beast
   125 | D:4      | Slain by an adder

Illustrated notes

Levels and vault maps discovered:
D:4:      layout_layer_cave, kennysheep_little_box, nzn_wu_jian_contemplation,
          mainiacjoe_overflow_alcove_4, minmay_mini_ossuary
D:5:      layout_cave_pools, minmay_temple_entry_glassed_door, serial_shops,
          nicolae_shop_tiny_real_fake_doors, uniq_prince_ribbit1, uniq_sigmund
D:6:      layout_basic, slow_altar_2, serial_shops, shop

Skill      XL: |  1 |
---------------+----+-----
Short Blades   | 3 |  3.8
Fighting       | |  2.4
Dodging        | |  2.4
Stealth        | |  6.0

Action                     || total
---------------------------++-------
  Melee: Short sword       ||     3
    Use: Potion            ||     1
   Stab: Sleeping          ||     2
 Armour: Leather armour    ||     8
  Dodge: Dodged            ||     1

Table legend: (Time is in decaauts)
 A = Elapsed time spent in this place.
 B = Non-inter-level travel time spent in this place.
 C = Inter-level travel time spent in this place.
 D = Time resting spent in this place.
 E = Time spent auto-exploring this place.
 F = Levels seen in this place.
 G = Mean time per level.
                   A        B        C        D        E       F      G
               +--------+--------+--------+--------+--------+-----+--------+
         Total |    125 |    116 |      9 |      0 |     41 |   3 |   41.7 |
       Dungeon |    125 |    116 |      9 |      0 |     41 |   3 |   41.7 |
               +--------+--------+--------+--------+--------+-----+--------+

Top non-repeatable levels by time:
     D:5: 78 daAuts
     D:6: 39 daAuts
     D:4: 7 daAuts
